 Dungeon Crawl Stone Soup version 0.16.2-12-gd0ad4c3 (webtiles) character file.

13651 Kira the Unseen (level 11, -16/58 HPs)
             Began as a Spriggan Enchanter on Oct 23, 2015.
             Was a Believer of Nemelex Xobeh.
             Killed from afar by a deep elf conjurer (26 damage)
             ... with a bolt of cold
             ... on level 11 of the Dungeon.
             The game lasted 01:11:24 (12429 turns).

Kira the Unseen (Spriggan Enchanter)               Turns: 12429, Time: 01:11:24

Health: -16/58     AC:  9    Str:  4    XL:     11   Next: 78%
Magic:  25/41      EV: 23    Int: 26    God:    Nemelex Xobeh [**....]
Gold:   342        SH:  7    Dex: 17    Spells: 5 memorised, 22 levels left

rFire  . . .     SeeInvis +     V - +2 short sword (protect)
rCold  . . .     Clarity  .     b - +1 robe
rNeg   . . .     SustAb   .     R - +2 buckler
rPois  .         Gourm    .     (helmet restricted)
rElec  .         Spirit   .     M - +0 cloak (curse)
rCorr  .         Warding  .     (gloves unavailable)
rMut   .         Stasis   .     (boots unavailable)
MR     +....                    (no amulet)
Stlth  +++++++...               o - ring of magical power
                                g - +6 ring of intelligence

@: drained, very quick, somewhat resistant to hostile enchantments, extremely
stealthy
A: unfitting armour, see invisible, herbivore 3, speed 3, slow metabolism 2
a: Renounce Religion


You were on level 11 of the Dungeon.
You worshipped Nemelex Xobeh.
Nemelex Xobeh was pleased with you.
You were not hungry.

You visited 2 branches of the dungeon, and saw 15 of its levels.
You also visited: Sewer.

You collected 762 gold pieces.
You spent 420 gold pieces at shops.

Inventory:

Hand weapons
 V - a +2 short sword of protection (weapon)
Armour
 b - a +1 robe (worn)
 M - a cursed +0 cloak (worn)
 R - a +2 buckler (worn)
Rods
 C - a +0 rod of ignition (13/13)
   (You found it on level 3 of the Dungeon)
Jewellery
 g - a +6 ring of intelligence (left hand)
 o - a ring of magical power (right hand)
 r - an uncursed ring of poison resistance
Magical devices
 e - a wand of magic darts (32)
 h - a wand of flame (30)
 v - a wand of fire (11)
 x - a wand of paralysis (7)
 P - a wand of digging (15)
 Z - a wand of frost (7)
Scrolls
 a - a scroll of magic mapping {unknown}
 f - 11 scrolls of identify
 p - 3 scrolls of recharging {unknown}
 q - a scroll of brand weapon {unknown}
 t - a scroll of random uselessness {unknown}
 u - 7 scrolls of fear {unknown}
 y - 6 scrolls of teleportation {unknown}
 B - 2 scrolls of fog {unknown}
 D - 3 scrolls of enchant armour {unknown}
 E - 2 scrolls of blinking {unknown}
 G - a scroll of vulnerability {unknown}
 L - 3 scrolls of noise {unknown}
 O - 3 scrolls of remove curse
 S - a scroll of amnesia {unknown}
 T - 2 scrolls of enchant weapon {unknown}
 W - 2 scrolls of acquirement {unknown}
 X - a scroll of holy word {unknown}
Potions
 i - a potion of might
 j - a potion of degeneration {unknown}
 l - 2 potions of brilliance {unknown}
 m - 5 potions of invisibility {unknown}
 n - 9 potions of curing
 w - 3 potions of cure mutation {unknown}
 z - a potion of agility {unknown}
 A - 2 potions of flight {unknown}
 F - 3 potions of poison {unknown}
 H - 3 potions of ambrosia {unknown}
 I - a potion of berserk rage {unknown}
Miscellaneous
 J - a plain deck of destruction
 Y - a plain deck of war {drawn: 1}
Comestibles
 c - 2 royal jellies
 d - 9 bread rations
 k - 11 fruits


   Skills:
 * Level 6.9(6.2) Fighting
 + Level 4.7(4.0) Short Blades
 + Level 8.7(8.0) Dodging
 + Level 16.3(15.4) Stealth
 - Level 0.1(0.0) Shields
 + Level 10.4(9.6) Spellcasting
 + Level 9.7(8.9) Hexes
 + Level 0.4(0.0) Translocations
 - Level 0.1(0.0) Ice Magic
 * Level 0.4(0.0) Evocations


You had 22 spell levels left.
You knew the following spells:

 Your Spells              Type           Power        Failure   Level  Hunger
a - Corona                Hex            ######.      1%          1    None
b - Ensorcelled Hibernat  Hex/Ice        #####.       1%          2    None
c - Confuse               Hex            ######..     1%          3    None
d - Apportation           Tloc           ##........   12%         1    None
e - Sting                 Conj/Pois      ##..         12%         1    None


Dungeon Overview and Level Annotations

Branches:
Dungeon (14/15)            Temple (1/1) D:7            Lair (0/8) D:10
    Orc (0/4) D:12
 Vaults: D:13-14

Altars:
Ashenzari
Cheibriados
Dithmenos
Elyvilon
Fedhas
Gozag
Kikubaaqudgha
Makhleb
Nemelex Xobeh
Okawaru
Qazlal
Ru
Sif Muna
Trog
Vehumet
Xom
Yredelemnul
Zin
The Shining One

Shops:
D:10 !   D:13 (

Annotations:
D:11 Kira's ghost, powerful SpEn


Innate Abilities, Weirdness & Mutations

You are tiny and cannot use many weapons and most armour.
You have supernaturally acute eyesight.
You are a herbivore.
You cover ground extremely quickly.
You need consume almost no food.


Message History

Aim: a deep elf conjurer, wielding a long sword (chance 26%)
The deep elf conjurer easily resists.
The deep elf conjurer casts a spell at you.
The bolt of cold hits you!
* * * LOW HITPOINT WARNING * * *
Unknown command.
Drink which item? (? for menu, Esc to quit)
You feel much better. The deep elf conjurer misses you.
Evoke which item? (* to show all) (? for menu, Esc to quit)
You draw a card...
It is Repulsiveness.
The deep elf conjurer gestures at you while chanting.
The bolt of negative energy hits you!
You feel drained.
Ouch! That really hurt!
* * * LOW HITPOINT WARNING * * *
Drink which item? (? for menu, Esc to quit)
You feel better.
The deep elf conjurer gestures at you while chanting.
The bolt of cold hits you!
You die...
Your body disappears without a glow.

...##.### ##.......#
####....
...##[..####...#..###
#####
...#..........>..## #
...##...###......# ##
######### #......#
##. #......# #..
#....u.# #.. #.....e#
### #.....@# #......#
#......# #......#
########


You could see a deep elf conjurer and a friendly cyan ugly thing.

Vanquished Creatures
  A centaur warrior (D:13)
  The ghost of Gravoth the Spear-Bearer, an experienced HuCK of Xom (D:8)
  A griffon (D:10)
  A cyclops (D:12)
  A troll (D:9)
  A tengu conjurer (D:10)
  A two-headed ogre (D:10)
  2 ravens (D:10)
  A wraith (D:12)
  17 yaks
  2 deep elf magi
  2 wyverns
  2 hungry ghosts
  2 steam dragons (D:10)
  A mottled dragon (D:11)
  A swamp drake (D:10)
  3 ice beasts
  A necrophage (D:6)
  3 orc warriors
  6 ogres
  2 phantoms
  A black bear (D:10)
  9 centaurs
  Sigmund (D:5)
  2 crocodiles
  19 big kobolds
  5 giant frogs
  7 scorpions
  7 crimson imps
  A giant frog zombie (D:10)
  A quasit (D:8)
  A goliath beetle (D:7)
  A wasp zombie (D:11)
  A centaur zombie (D:8)
  4 jellies
  A giant frog skeleton (D:7)
  2 hounds
  6 iguanas
  6 centaur skeletons
  9 orc priests
  8 orc wizards
  A statue (D:8)
  4 worker ants
  A killer bee zombie (D:9)
  Ijyb (D:5)
  A mummy (D:11)
  7 gnolls
  A worker ant zombie (D:7)
  9 adders
  4 river rats (Sewer)
  5 shadow imps
  2 giant mites
  4 worms
  An adder skeleton (D:4)
  6 giant geckos
  3 oozes
  37 orcs
  10 bats
  5 giant cockroaches
  6 goblins
  15 hobgoblins
  9 jackals
  4 quokkas
  7 ball pythons
  A giant cockroach zombie (D:6)
  A giant gecko skeleton (D:4)
  A giant newt (D:2)
  3 giant spores
  2 jackal skeletons (D:4)
  62 kobolds
  A kobold zombie (D:8)
  13 rats
  3 ballistomycetes
  A butterfly (D:8)
375 creatures vanquished.

Vanquished Creatures (others)
  An orc priest (D:9)
  An orc wizard (D:9)
  An orc (D:9)
  A ball python (D:2)
  A giant spore (D:11)
5 creatures vanquished.

Grand Total: 380 creatures vanquished

Notes
Turn   | Place    | Note
--------------------------------------------------------------
     0 | D:1      | Kira, the Spriggan Enchanter, began the quest for the Orb.
     0 | D:1      | Reached XP level 1. HP: 9/9 MP: 4/4
   209 | D:1      | Reached XP level 2. HP: 13/13 MP: 5/7
   213 | D:1      | Learned a level 2 spell: Ensorcelled Hibernation
   952 | D:2      | Reached XP level 3. HP: 16/16 MP: 11/11
  1004 | D:2      | Found a white marble altar of Elyvilon.
  1022 | D:2      | Reached skill level 5 in Stealth
  1602 | D:3      | Reached XP level 4. HP: 19/21 MP: 8/14
  1753 | D:3      | Found a glowing drain.
  1775 | Sewer    | Entered a sewer
  1798 | Sewer    | Noticed a big kobold
  1814 | Sewer    | Killed a big kobold
  1814 | Sewer    | Reached skill level 1 in Fighting
  1814 | Sewer    | Reached skill level 6 in Stealth
  1814 | Sewer    | Reached XP level 5. HP: 19/25 MP: 8/18
  2321 | Sewer    | Noticed a big kobold
  2345 | Sewer    | Killed a big kobold
  2345 | Sewer    | Reached XP level 6. HP: 28/30 MP: 14/20
  2412 | Sewer    | Reached skill level 7 in Stealth
  2440 | Sewer    | Noticed a big kobold
  2472 | Sewer    | Killed a big kobold
  2565 | Sewer    | Noticed a big kobold
  2584 | Sewer    | Killed a big kobold
  2584 | Sewer    | Reached skill level 8 in Stealth
  2584 | Sewer    | Reached skill level 5 in Hexes
  2757 | Sewer    | Noticed a big kobold
  2769 | Sewer    | Killed a big kobold
  2769 | Sewer    | Reached XP level 7. HP: 32/35 MP: 12/22
  3231 | D:3      | Identified a +0 rod of ignition (13/13) (You found it on level 3 of the Dungeon)
  3747 | D:4      | Learned a level 3 spell: Confuse
  4016 | D:4      | Reached skill level 5 in Spellcasting
  4249 | D:4      | Learned a level 1 spell: Apportation
  4302 | D:4      | Reached skill level 9 in Stealth
  4467 | D:5      | Entered Level 5 of the Dungeon
  4513 | D:5      | Found a shattered altar of Ashenzari.
  4625 | D:5      | Reached XP level 8. HP: 39/39 MP: 18/25
  4795 | D:5      | Noticed Ijyb
  4804 | D:5      | Killed Ijyb
  5025 | D:5      | Noticed Sigmund
  5030 | D:5      | Killed Sigmund
  5855 | D:6      | Learned a level 1 spell: Sting
  5947 | D:6      | Found a deep blue altar of Sif Muna.
  6148 | D:6      | Reached skill level 10 in Stealth
  6375 | D:7      | Reached skill level 5 in Dodging
  6417 | D:7      | Got a bloodstained robe
  6428 | D:7      | Identified the +2 robe of Peek-a-Boo {rF- rC+ Str-5 Int+3 Dex+3} (You found it on level 7 of the Dungeon)
  6428 | D:7      | Lost strength.
  6488 | D:7      | Found a staircase to the Ecumenical Temple.
  6511 | Temple   | Entered the Ecumenical Temple
  6804 | D:7      | Found a stormy altar of Qazlal.
  6832 | D:7      | Found a blossoming altar of Fedhas.
  7096 | D:7      | Reached XP level 9. HP: 45/45 MP: 27/27
  7107 | D:7      | Reached skill level 11 in Stealth
  7447 | D:8      | Found a shimmering altar of Xom.
  7545 | D:8      | Found a radiant altar of Vehumet.
  7603 | D:8      | Noticed Gravoth's ghost (experienced HuCK)
  7640 | D:8      | Killed Gravoth's ghost
  7640 | D:8      | Reached skill level 12 in Stealth
  7744 | D:8      | Found a deep blue altar of Sif Muna.
  7924 | D:8      | Reached skill level 5 in Fighting
  8094 | D:9      | Reached skill level 13 in Stealth
  8094 | D:9      | Reached XP level 10. HP: 51/51 MP: 23/29
  8203 | D:9      | Found a sparkling altar of Nemelex Xobeh.
  8214 | D:9      | Became a worshipper of Nemelex Xobeh the Trickster
  8618 | D:9      | Received a gift from Nemelex Xobeh
  9004 | D:10     | Entered Level 10 of the Dungeon
  9022 | D:10     | Found Psori's Distillery.
  9031 | D:10     | Bought a potion of heal wounds for 70 gold pieces
  9031 | D:10     | Bought a potion of might for 56 gold pieces
  9031 | D:10     | Bought a potion of cancellation for 112 gold pieces
  9031 | D:10     | Bought a potion of resistance for 140 gold pieces
  9031 | D:10     | Bought a potion of curing for 42 gold pieces
  9455 | D:10     | Reached skill level 14 in Stealth
  9638 | D:10     | Noticed a griffon
  9649 | D:10     | Killed a griffon
  9772 | D:10     | Found a staircase to the Lair.
 10237 | D:10     | Reached XP level 11. HP: 56/56 MP: 32/32
 10334 | D:10     | Reached skill level 15 in Stealth
 10651 | D:11     | Reached skill level 10 in Spellcasting
 10814 | D:11     | Noticed Kira's ghost (powerful SpEn)
 11503 | D:12     | Noticed an eight-headed hydra
 11573 | D:12     | Found a staircase to the Orcish Mines.
 11583 | D:12     | Reached skill level 16 in Stealth
 11834 | D:12     | You fall through a shaft for 2 floors!
 11885 | D:13     | Found Peoror's Antique Weapon Shop.
 11918 | D:13     | Noticed a centaur warrior
 11944 | D:13     | Killed a centaur warrior
 11966 | D:13     | Received a gift from Nemelex Xobeh
 12428 | D:11     | HP: 1/58 [deep elf conjurer/bolt of negative energy (35)]
 12429 | D:11     | Killed from afar by a deep elf conjurer

Action                   |  1- 3 |  4- 6 |  7- 9 | 10-12 || total
-------------------------+-------+-------+-------+-------++-------
Melee: Dagger            |    82 |    64 |   226 |       ||   372
       Short sword       |       |       |   124 |   361 ||   485
 Cast: Corona            |     6 |     3 |     2 |     1 ||    12
       Ensorcelled Hiber |    15 |    48 |   119 |   144 ||   326
       Confuse           |       |       |    23 |    35 ||    58
       Sting             |       |       |     3 |     3 ||     6
       Apportation       |       |       |     1 |       ||     1
 Abil: Evoke Teleport Co |       |       |     1 |       ||     1
Evoke: Rod               |       |       |     3 |     2 ||     5
       Wand              |       |       |       |     1 ||     1
       Deck              |       |       |       |     1 ||     1
  Use: Scroll            |       |     3 |       |       ||     3
       Potion            |       |       |       |     2 ||     2
 Stab: Sleeping          |    20 |    32 |    86 |   124 ||   262
       Confused          |       |       |    11 |    16 ||    27
       Invisible         |       |       |     3 |       ||     3
       Distracted        |       |       |     1 |     1 ||     2
  Eat: Fruit             |       |       |     7 |       ||     7
       Bread ration      |       |       |       |     1 ||     1
